 Dungeon Crawl Stone Soup version 0.17.1-2-g5865329 (webtiles) character file.

10654 xeno23 the Infuser (level 11, -8/72 HPs)
             Began as a High Elf Skald on Jan 29, 2016.
             Was a High Priest of the Shining One.
             Mangled by an orc warrior
             ... wielding a +0 glaive
             ... led by an orc knight
              (18 damage)
             ... on level 3 of the Orcish Mines on Jan 30, 2016.
             The game lasted 01:16:47 (15508 turns).

xeno23 the Infuser (High Elf Skald)                Turns: 15508, Time: 01:16:47

Health: -8/72      AC:  7    Str: 14    XL:     11   Next: 39%
Magic:  26/27      EV:  9    Int: 15    God:    the Shining One [*****.]
Gold:   1105       SH:  6    Dex: 17    Spells: 3 memorised, 12 levels left

rFire  . . .     SeeInvis .     s - +3 falchion (slice)
rCold  . . .     Clarity  +     v - +0 ring mail
rNeg   + + +     SustAt   .     g - +1 buckler
rPois  .         Gourm    .     (no helmet)
rElec  .         Spirit   .     H - +0 cloak
rCorr  +         Warding  .     (no gloves)
rMut   .         Stasis   .     (no boots)
MR     +....                    F - amulet of resist corrosion
Stlth  +.........               T - ring of magical power
                                E - ring of positive energy

@: infused, glowing, somewhat resistant to hostile enchantments, very unstealthy
A: clarity
a: Divine Shield, Cleansing Flame, Summon Divine Warrior, Renounce Religion


You were on level 3 of the Orcish Mines.
You worshipped the Shining One.
The Shining One was extremely pleased with you.
You were not hungry.

You visited 3 branches of the dungeon, and saw 15 of its levels.
You also visited: Sewer and Ossuary.

You collected 1431 gold pieces.
You spent 326 gold pieces at shops.

Inventory:

Hand Weapons
 m - the +8 battleaxe "Dosos" {antimagic, *Confuse rElec rN+ MP+9}
   (You found it on level 10 of the Dungeon)

   It disrupts the flow of magical energy around spellcasters and certain
   magical creatures (including the wielder).
   It insulates you from electricity.
   It protects you from negative energy.
   It affects your magic capacity (+9).
   It may confuse you when you take damage.
 s - a +3 falchion of slicing (weapon)
Missiles
 r - 12 javelins (quivered)
Armour
 g - a +1 buckler (worn)
 v - a +0 ring mail (worn)
 H - a +0 cloak (worn)
 W - a +1 leather armour of cold resistance
 X - a +0 chain mail of fire resistance
Jewellery
 o - an uncursed ring of teleportation
 E - a ring of positive energy (left hand)
 F - an amulet of resist corrosion (around neck)
 T - a ring of magical power (right hand)
Wands
 a - a wand of cold (2)
 y - a wand of digging (10)
 Q - a wand of lightning (6)
 U - a wand of cold (10)
Scrolls
 b - 2 scrolls of immolation {unknown}
 e - a scroll of noise
 i - 2 scrolls of blinking
 j - 7 scrolls of identify
 l - 7 scrolls of remove curse
 A - a scroll of teleportation
 B - 2 scrolls of enchant weapon
 D - a scroll of enchant armour
 G - a scroll of amnesia {unknown}
 I - a scroll of acquirement {unknown}
 J - 3 scrolls of recharging
 L - a scroll of fog {unknown}
 O - a scroll of fear
 P - a scroll of brand weapon {unknown}
 R - 2 scrolls of vulnerability {unknown}
Potions
 f - 8 potions of heal wounds
 h - a potion of lignification
 n - 4 potions of flight
 p - 2 potions of agility
 t - 7 potions of curing
 w - 2 potions of haste {unknown}
 x - a potion of poison {unknown}
 z - a potion of berserk rage {unknown}
 C - 2 potions of mutation {unknown}
 K - a potion of cure mutation {unknown}
 M - a potion of degeneration {unknown}
 S - 2 potions of brilliance
Books
 c - a book of Battle

   Spells                             Type                      Level
   a - Infusion                       Charms                       1
   b - Shroud of Golubria             Charms/Translocation         2
   c - Song of Slaying                Charms                       2
   d - Spectral Weapon                Hexes/Charms                 3
   e - Regeneration                   Charms/Necromancy            3
Comestibles
 d - 3 bread rations
 k - a beef jerky
 q - 10 royal jellies
 u - 2 meat rations
 N - 2 fruits
 V - a chunk of flesh


   Skills:
 + Level 6.0 Fighting
 * Level 9.5 Long Blades
 * Level 4.9 Armour
 + Level 5.9 Dodging
 - Level 4.2 Shields
 - Level 4.0 Spellcasting
 + Level 5.9 Hexes
 * Level 10.1 Charms
 - Level 5.5 Translocations
 + Level 4.7 Invocations


You had 12 spell levels left.
You knew the following spells:

 Your Spells              Type           Power        Failure   Level  Hunger
a - Infusion              Chrm           ####..       1%          1    None
d - Shroud of Golubria    Chrm/Tloc      ####......   2%          2    ##.....
s - Spectral Weapon       Hex/Chrm       ####....     4%          3    ###....


Dungeon Overview and Level Annotations

Branches:
Dungeon (11/15)            Temple (1/1) D:5            Lair (0/8) D:10
    Orc (3/4) D:9
    Elf: Orc:3-4

Altars:
Ashenzari
Cheibriados
Dithmenos
Elyvilon
Fedhas
Gozag
Kikubaaqudgha
Makhleb
Nemelex Xobeh
Okawaru
Qazlal
Ru
Sif Muna
Trog
Vehumet
Xom
Yredelemnul
Zin
The Shining One

Shops:
D:8 *   D:10 !   Orc:2 :

Annotations:
D:10 Grum


Innate Abilities, Weirdness & Mutations

You possess an exceptional clarity of mind.


Message History

You begin infusing your attacks with magical energy.
You hit the orc knight but do no damage.
Your spectral weapon hits the orc knight but does no damage.
The orc knight hits you with a great mace!!
You take 21 damage.
You hit the orc knight.
The orc knight is lightly wounded.
Your spectral weapon barely misses the orc knight.
You hit the orc knight but do no damage.
The orc knight is lightly wounded.
Your spectral weapon fades away.
You block the orc knight's attack.
You hit the orc knight.
The orc knight is moderately wounded.
There is a stone staircase leading up here.
The orc knight hits you with a great mace!!
* * * LOW HITPOINT WARNING * * *
Your shroud falls apart!
The orc warrior hits you from afar with a glaive!!
You die...

...............###..
.................#..
##....................
..................##..##
......#........#...##....#
.....#............<#.#..##
#....#.........(.).#......#
##..........(..............#
#.........>@o..#....#..#..##
#..........)#.............#
..........)oo....##.....####
.......................####.
#.#....................#....
##...................#.......
#.........................#..
.............#.........####.
#.........#.........#..# #..


You could see an orc knight, an orc warrior (frenzied) and an orc (frenzied).

Vanquished Creatures
  The ghost of SaintRoka the Fighter, a novice CeEE of Cheibriados (D:10)
  Joseph (D:7)
  5 trolls
  Sigmund (D:6)
  4 yaks
  A deep elf mage (D:10)
  2 hippogriffs
  3 basilisks (D:10)
  A warg (Orc:2)
  A wolf (D:11)
  Edmund (D:6)
  2 water moccasins
  5 ice beasts
  2 porcupines (D:10)
  A black bear (D:10)
  11 orc warriors
  2 sky beasts
  8 ogres
  5 crocodiles (D:10)
  6 big kobolds
  4 giant frogs
  4 centaurs
  A gnoll sergeant (D:9)
  3 scorpions
  8 killer bees
  4 crimson imps
  A centaur zombie (D:6)
  2 hounds
  8 orc priests
  4 jellies (D:8)
  14 orc wizards
  A giant frog skeleton (D:9)
  A gnoll shaman (D:9)
  Terence (D:2)
  2 iguanas
  Natasha (thrice) (D:4)
  6 worker ants
  A hound skeleton (D:7)
  3 mummies (Ossuary)
  6 adders
  9 gnolls (D:9)
  10 river rats
  2 shadow imps
  9 oozes
  A worm (D:3)
  2 adder skeletons
  4 giant geckos
  96 orcs
  4 giant cockroaches
  3 gnoll zombies (Ossuary)
  9 hobgoblins
  8 quokkas
  2 ball pythons (Sewer)
  6 bats
  21 giant newts
  4 gnoll skeletons (Ossuary)
  5 goblins
  A goblin skeleton (Ossuary)
  4 goblin zombies (Ossuary)
  3 hobgoblin skeletons (Ossuary)
  4 jackals (D:9)
  A jackal skeleton (D:7)
  37 kobolds
  2 kobold skeletons (Ossuary)
  2 kobold zombies (Ossuary)
  An orc skeleton (Ossuary)
  A quokka zombie (D:5)
  14 rats
  3 rat skeletons (Ossuary)
  A rat zombie (Ossuary)
  A spectral orc (D:8)
410 creatures vanquished.

Vanquished Creatures (others)
  Menkaure (Ossuary)
  2 gnoll skeletons (Ossuary)
  2 gnoll zombies (Ossuary)
  A goblin skeleton (Ossuary)
  3 goblin zombies (Ossuary)
  2 hobgoblin skeletons (Ossuary)
  3 hobgoblin zombies (Ossuary)
  2 kobold zombies (Ossuary)
  2 orc skeletons (Ossuary)
  2 orc zombies (Ossuary)
  4 rat skeletons (Ossuary)
  3 rat zombies (Ossuary)
  A bush (D:10)
  4 fungi (D:10)
  4 plants
  11 spectral weapons
47 creatures vanquished.

Grand Total: 457 creatures vanquished

Notes
Turn   | Place    | Note
--------------------------------------------------------------
     0 | D:1      | xeno23 the High Elf Skald began the quest for the Orb.
     0 | D:1      | Reached XP level 1. HP: 14/14 MP: 4/4
   142 | D:1      | Reached skill level 1 in Armour
   202 | D:1      | Reached XP level 2. HP: 8/19 MP: 6/6
   252 | D:1      | Learned a level 2 spell: Shroud of Golubria
   283 | D:1      | Reached skill level 4 in Charms
   901 | D:2      | Found an iron altar of Okawaru.
   920 | D:2      | Reached XP level 3. HP: 24/24 MP: 4/7
  1273 | D:2      | Found a sparkling altar of Nemelex Xobeh.
  1319 | D:2      | Found a snail-covered altar of Cheibriados.
  1346 | D:2      | Noticed Terence
  1370 | D:2      | Killed Terence
  1652 | D:3      | Reached XP level 4. HP: 24/30 MP: 2/8
  1657 | D:3      | Learned a level 3 spell: Spectral Weapon
  2272 | D:3      | Found an ancient bone altar of Kikubaaqudgha.
  2488 | D:4      | Found a stormy altar of Qazlal.
  2847 | D:2      | Reached skill level 1 in Shields
  3036 | D:4      | Reached skill level 1 in Translocations
  3036 | D:4      | Reached XP level 5. HP: 21/35 MP: 5/10
  3042 | D:4      | Gained mutation: You possess an exceptional clarity of mind. [potion of beneficial mutation]
  3060 | D:4      | Noticed Natasha
  3065 | D:4      | Killed Natasha
  3168 | D:4      | Noticed Natasha
  3172 | D:4      | Killed Natasha
  3914 | D:4      | Noticed Natasha
  3919 | D:4      | Killed Natasha
  4115 | D:5      | Entered Level 5 of the Dungeon
  4123 | D:5      | Found a staircase to the Ecumenical Temple.
  4130 | Temple   | Entered the Ecumenical Temple
  4176 | Temple   | Became a worshipper of the Shining One
  4228 | D:5      | Noticed a centaur
  4235 | D:5      | Killed a centaur
  4235 | D:5      | Reached skill level 1 in Hexes
  4235 | D:5      | Reached XP level 6. HP: 24/41 MP: 6/11
  4453 | D:5      | Found a glowing drain.
  4551 | Sewer    | Entered a sewer
  5006 | Sewer    | Reached XP level 7. HP: 39/45 MP: 7/13
  5574 | D:6      | Reached * piety under the Shining One
  5738 | D:6      | Reached skill level 5 in Charms
  5876 | D:6      | Noticed Edmund
  5909 | D:6      | Killed Edmund
  5909 | D:6      | Reached skill level 5 in Long Blades
  5909 | D:6      | Reached XP level 8. HP: 7/52 MP: 6/15
  6207 | D:6      | Found a shattered altar of Ashenzari.
  6302 | D:6      | Noticed Sigmund
  6311 | D:6      | Killed Sigmund
  6388 | D:7      | Found a burning altar of Makhleb.
  6402 | D:7      | Noticed Joseph
  6422 | D:7      | Killed Joseph
  6422 | D:7      | Reached skill level 1 in Invocations
  6666 | D:7      | Reached skill level 6 in Charms
  6896 | D:7      | Reached XP level 9. HP: 24/58 MP: 8/16
  7060 | D:7      | Found a shadowy altar of Dithmenos.
  7060 | D:7      | Found a sacrificial altar of Ru.
  7484 | D:8      | Found a sand-covered staircase.
  7491 | D:8      | Found Saugh's General Store.
  7505 | Ossuary  | Entered an ossuary
  7525 | Ossuary  | Reached ** piety under the Shining One
  7651 | Ossuary  | Killed Menkaure
  7653 | Ossuary  | Reached *** piety under the Shining One
  7798 | D:8      | Bought a scroll of identify for 24 gold pieces
  7798 | D:8      | Bought a scroll of recharging for 114 gold pieces
  7798 | D:8      | Bought a potion of heal wounds for 60 gold pieces
  7928 | D:8      | Found a bloodstained altar of Trog.
  8019 | D:8      | Reached skill level 7 in Charms
  8870 | D:8      | Found a basalt altar of Yredelemnul.
  9168 | D:9      | Reached XP level 10. HP: 65/65 MP: 2/17
  9189 | D:9      | Reached **** piety under the Shining One
  9214 | D:9      | Reached skill level 8 in Charms
  9368 | D:9      | Found an opulent altar of Gozag.
  9418 | D:9      | Reached skill level 5 in Dodging
  9455 | D:9      | HP: 3/65 [gnoll/spear (4)]
  9778 | D:9      | Found a staircase to the Orcish Mines.
  9996 | D:9      | Reached skill level 5 in Fighting
 10276 | D:10     | Entered Level 10 of the Dungeon
 10353 | D:10     | Reached skill level 5 in Translocations
 10535 | D:10     | Noticed SaintRoka's ghost (novice CeEE)
 10579 | D:10     | Reached skill level 9 in Charms
 10815 | D:10     | Found Jafio's Distillery.
 10824 | D:10     | Bought 2 potions of brilliance for 128 gold pieces
 10891 | D:10     | Found a staircase to the Lair.
 10905 | D:10     | Reached skill level 5 in Hexes
 11387 | D:10     | Killed SaintRoka's ghost
 11387 | D:10     | Reached XP level 11. HP: 52/72 MP: 18/18
 11412 | D:10     | Noticed Grum
 11421 | D:11     | Noticed a seven-headed hydra
 11889 | D:10     | Got an ancient battleaxe
 11895 | D:10     | Identified the +8 battleaxe "Dosos" {antimagic, *Confuse rElec rN+ MP+9} (You found it on level 10 of the Dungeon)
 12234 | Orc:1    | Entered Level 1 of the Orcish Mines
 12388 | Orc:2    | Found a shimmering altar of Xom.
 12603 | Orc:2    | Found Juassil's Book Shoppe.
 13038 | Orc:1    | Reached ***** piety under the Shining One
 13803 | Orc:3    | Reached skill level 10 in Charms
 15508 | Orc:3    | Mangled by an orc warrior

Action                   |  1- 3 |  4- 6 |  7- 9 | 10-12 || total
-------------------------+-------+-------+-------+-------++-------
Melee: Falchion          |   115 |   247 |   366 |   476 ||  1204
       Unarmed           |       |       |    19 |       ||    19
 Cast: Infusion          |    13 |    26 |    24 |     8 ||    71
       Shroud of Golubri |     2 |    19 |    21 |    30 ||    72
       Spectral Weapon   |       |       |    14 |    44 ||    58
Evoke: Wand              |       |       |     1 |       ||     1
  Use: Scroll            |       |    13 |     4 |     5 ||    22
       Potion            |       |     2 |     2 |     3 ||     7
 Stab: Sleeping          |     1 |       |       |       ||     1
  Eat: Chunk             |     3 |     8 |    14 |    20 ||    45
       Bread ration      |       |     1 |       |       ||     1
       Royal jelly       |       |       |     1 |     3 ||     4
